 Dungeon Crawl Stone Soup version 0.20-a0-556-g892c87b (webtiles) character file.

921 polly the Covert (level 7, 0/36 HPs)
             Began as a Spriggan Assassin on Feb 5, 2017.
             Killed from afar by a bog mummy (1 damage)
             ... with a puff of frost
             ... in an ossuary.
             The game lasted 00:14:53 (5371 turns).

polly the Covert (Spriggan Assassin)                Turns: 5371, Time: 00:14:53

Health: 0/36       AC:  3    Str:  7    XL:     7   Next: 84%
Magic:  0/8        EV: 23    Int: 15    God:
Gold:   233        SH:  0    Dex: 19    Spells: 6/6 levels left

rFire    . . .     SeeInvis +   C - +2 dagger (freeze)
rCold    . . .     Gourm    .   B - +0 robe (curse)
rNeg     . . .     Faith    .   (shield restricted)
rPois    .         Spirit   +   (helmet restricted)
rElec    .         Reflect  .   d - +0 cloak
rCorr    .         Harm     .   (gloves unavailable)
MR       +....                  (boots unavailable)
Stlth    ++++++....             t - amulet of guardian spirit
Regen    0.2/turn               p - +2 ring of intelligence
                                H - ring of stealth

@: very quick
A: unfitting armour, see invisible, herbivore 3, speed 3, slow metabolism 2
a: no special abilities


You were in an ossuary.
You were not hungry.

You visited 1 branch of the dungeon, and saw 6 of its levels.
You also visited: Sewer and Ossuary.

You collected 460 gold pieces.
You spent 227 gold pieces at shops.

Inventory:

Hand Weapons
 b - a +0 blowgun
 C - a +2 dagger of freezing (weapon)
Missiles
 e - 46 poisoned needles
Armour
 d - a +0 cloak (worn)
 B - a cursed +0 robe (worn)
Jewellery
 p - a +2 ring of intelligence (right hand)
 t - an amulet of guardian spirit (around neck)
 v - an uncursed ring of protection from fire
 H - a ring of stealth (left hand)
Wands
 w - a wand of disintegration (0/24)
Scrolls
 j - 3 scrolls of fear {unknown}
 k - a scroll of enchant weapon {unknown}
 m - a scroll of enchant armour {unknown}
 o - 2 scrolls of blinking {unknown}
 q - 6 scrolls of identify
 r - a scroll of amnesia {unknown}
 s - 2 scrolls of magic mapping
 u - a scroll of recharging {unknown}
 y - 4 scrolls of remove curse
 D - a scroll of random uselessness {unknown}
 K - a scroll of holy word {unknown}
Potions
 c - 3 potions of flight {unknown}
 f - a potion of beneficial mutation {unknown}
 h - 2 potions of degeneration {unknown}
 i - 4 potions of curing {unknown}
 l - a potion of agility {unknown}
 n - a potion of ambrosia {unknown}
 z - a potion of magic {unknown}
 E - a potion of berserk rage {unknown}
 F - 3 potions of invisibility {unknown}
 G - a potion of resistance {unknown}
 I - a potion of mutation {unknown}
 J - a potion of lignification {unknown}
Books
 A - a book of Maledictions

   Spells                             Type                      Level
   a - Corona                         Hexes                        1
   b - Ensorcelled Hibernation        Hexes/Ice                    2
   c - Confuse                        Hexes                        3
   d - Tukima's Dance                 Hexes                        3
   e - Dazzling Spray                 Conjuration/Hexes            3
Comestibles
 a - 3 fruits
 g - 3 bread rations
 x - 2 royal jellies


   Skills:
 + Level 3.0 Fighting
 + Level 5.5 Short Blades
 - Level 2.2 Throwing
 * Level 6.8 Dodging
 * Level 9.5 Stealth
 - Level 1.1 Evocations


You had 6 spell levels left.
You didn't know any spells.

Dungeon Overview and Level Annotations

Branches:
Dungeon (6/15)
 Temple: D:4-7

Altars:
Cheibriados
Sif Muna
The Shining One

Shops:
D:5 %=


Innate Abilities, Weirdness & Mutations

You are very small and have problems with some larger weapons.
You are too small for most types of armour.
You have supernaturally acute eyesight. (SInv)
You are a herbivore.
You cover ground extremely quickly.
You need consume almost no food.


Message History

The bog mummy is severely damaged.
You barely miss the bog mummy.
The bog mummy is severely damaged.
You completely miss the bog mummy.
The bog mummy is severely damaged.
The bog mummy points at you and mumbles some strange words.
The puff of frost hits you!
You hit the bog mummy but do no damage.
The bog mummy is severely damaged.
You hit the bog mummy but do no damage.
The bog mummy is severely damaged.
The bog mummy hits you!
* * * LOW HITPOINT WARNING * * *
You hit the bog mummy but do no damage.
The bog mummy is severely damaged.
You hit the bog mummy.
The bog mummy is almost destroyed.
The bog mummy gestures at you while chanting.
The puff of frost hits you!
You die...

******,*#'##'##'##.###
**≈**,'≈*,,,*,#.MM#,'.*
*≈≈****,*,,,**#M∩.#,*##
*≈≈*≈,+≈*,,,*,#∩..#,',*
***≈***≈*****+#####,***
*≈*≈*,,≈≈,≈,,,,,,,,,',*
**≈*≈≈≈,#####+#####,***
**≈≈,,≈#...#,#.M.#,',*
**≈≈≈≈*≈#.!@###.Z.#,***
*≈**≈,,,#.!M#Z#...#,',*
***≈**≈≈##≈##'##'##.###
**≈≈*,≈≈≈≈..........'.#
*≈≈≈**≈≈≈≈#+#+#'#+#'###
****#≈#.≈.*,*,#.#,*,#
#*####****###****


You could see a bog mummy.

Vanquished Creatures
  A necrophage (D:5)
  An ogre (D:5)
  2 centaurs (D:5)
  A crocodile (Sewer)
  A hound (D:4)
  2 orc priests (D:4)
  2 orc wizards
  2 worker ants (D:4)
  4 mummies (Ossuary)
  Robin (D:4)
  7 adders
  4 gnolls (D:2)
  An adder zombie (Ossuary)
  5 dart slugs
  2 leopard geckos
  9 orcs
  15 giant cockroaches
  22 goblins
  5 hobgoblins
  4 jackals (D:1)
  10 kobolds
  4 quokkas
  2 ball pythons (D:1)
  12 bats
  5 frilled lizards
  A leopard gecko zombie (D:4)
  2 quokka zombies
  9 rats
136 creatures vanquished.

Vanquished Creatures (others)
  An orc wizard (D:3)
  4 withered plants (Ossuary)
5 creatures vanquished.

Grand Total: 141 creatures vanquished

Notes
Turn   | Place    | Note
-------+----------+-------------------------------------------
     0 | D:1      | polly the Spriggan Assassin began the quest for the Orb.
     0 | D:1      | Reached XP level 1. HP: 10/10 MP: 2/2
    30 | D:1      | Reached skill level 6 in Stealth
   256 | D:1      | Reached XP level 2. HP: 9/14 MP: 3/3
  1105 | D:1      | Found a glowing golden altar of the Shining One.
  1272 | D:2      | Reached XP level 3. HP: 15/18 MP: 4/4
  1389 | D:2      | Found a snail-covered altar of Cheibriados.
  1405 | D:2      | Reached skill level 7 in Stealth
  1672 | D:2      | Reached XP level 4. HP: 21/23 MP: 5/5
  2122 | D:3      | Reached skill level 8 in Stealth
  2238 | D:3      | Reached XP level 5. HP: 25/26 MP: 6/6
  3197 | D:4      | Reached XP level 6. HP: 20/30 MP: 7/7
  3311 | D:4      | Noticed Robin
  3364 | D:4      | Killed Robin
  3456 | D:4      | Got a warped plate armour
  3561 | D:4      | Found a glowing drain.
  3579 | Sewer    | Entered a sewer
  3764 | Sewer    | Reached skill level 5 in Dodging
  4228 | D:4      | Reached skill level 9 in Stealth
  4467 | D:4      | Found a deep blue altar of Sif Muna.
  4603 | D:4      | Reached XP level 7. HP: 32/35 MP: 6/8
  4627 | D:5      | Entered Level 5 of the Dungeon
  4630 | D:5      | Found Athaj's Food Boutique.
  4635 | D:5      | Reached skill level 1 in Evocations
  4687 | D:5      | Reached skill level 5 in Short Blades
  4781 | D:5      | Found Xerphuops's Jewellery Shoppe.
  4790 | D:5      | Bought an uncursed ring of stealth for 227 gold pieces
  4966 | D:6      | Found a sand-covered staircase.
  4973 | Ossuary  | Entered an ossuary
  5369 | Ossuary  | HP: 1/36 [bog mummy (10)]
  5371 | Ossuary  | Killed from afar by a bog mummy

Vault maps used:
D:1:      dpeg_arrival_solitude, tso_altar
D:2:      cheibriados_altar_1
D:3:      minmay_roachtagon, first_bread, minmay_bisected
D:4:      lemuel_blue_sif_altar, portal_sewer_entry_d, nrook_mini_backslash,
          uniq_robin
D:5:      nicolae_ru_the_path_less_chosen, gammafunk_temple_overflow_statue,
          lemuel_temple_firewalk_b, serial_shops, nicolae_shop_window_shopping,
          shop, shop_coins
D:6:      kennysheep_steamy, kennysheep_mini_moat, serial_shops, shop,
          lightli_ossuary_entry_decrepit_ruins, uniq_eustachio
Sewer:    sewer_big_baddie
Ossuary:  ossuary_zaba_flooded

Skill      XL: |  1  2  3  4  5  6  7 |
---------------+----------------------+-----
Stealth        | 6 7 8 9 |  9.5
Dodging        | 2 4 5 6 |  6.8
Short Blades   | 3 4 5 |  5.5
Fighting       | 2 3 |  3.0
Evocations     | 1 |  1.1
Throwing       | |  2.2

Action                   |  1- 3 |  4- 6 |  7- 9 || total
-------------------------+-------+-------+-------++-------
Melee: Dagger            |   101 |   358 |   124 ||   583
 Fire: Blowgun           |       |     4 |     9 ||    13
Evoke: Wand              |       |     6 |       ||     6
  Use: Potion            |       |     3 |     2 ||     5
       Scroll            |       |       |     4 ||     4
 Stab: Sleeping          |    16 |    14 |     4 ||    34
       Distracted        |       |     1 |     2 ||     3
  Eat: Bread ration      |       |       |     1 ||     1
Armor: Robe              |    19 |    35 |     4 ||    58
Dodge: Dodged            |    65 |   337 |    84 ||   486
